 Dungeon Crawl Stone Soup version 0.28-a0-1415-g7c84da036a (webtiles) character file.

Game seed: 5169446718659215406

452 southernslant the Skirmisher (level 7, 0/43 HPs)
             Began as a Gargoyle Gladiator on Jan 7, 2022.
             Slain by Pikel (8 damage)
             ... on level 4 of the Dungeon.
             The game lasted 00:11:19 (5221 turns).

southernslant the Skirmisher (Gargoyle Gladiator)   Turns: 5221, Time: 00:11:20

Health: 0/43       AC:  9    Str: 18    XL:     7   Next: 4%
Magic:  7/7        EV: 12    Int:  8    God:
Gold:   195        SH:  5    Dex: 13    Spells: 6/6 levels left

rFire   . . .      SeeInvis .   a - +0 quarterstaff
rCold   . . .      Faith    .   (shield currently unavailable)
rNeg    + . .      Spirit   .   b - +0 leather armour
rPois   ∞          Reflect  +   c - +0 helmet
rElec   +          Harm     .   (no cloak)
rCorr   .          Rampage  .   (no gloves)
Will    .....                   (no boots)
Stlth   ++........              u - amulet of reflection
HPRegen 0.14/turn               i - ring of wizardry
MPRegen 0.10/turn               (no ring)

@: no status effects
A: sickness immunity, AC +4, negative energy resistance 1, electricity
resistance, torment resistance 1, petrification resistance
a: no special abilities


You were on level 4 of the Dungeon.
You visited 1 branch of the dungeon, and saw 5 of its levels.

You collected 195 gold pieces.

Inventory:

Hand Weapons
 a - a +0 quarterstaff (weapon)
Missiles
 d - 3 throwing nets
 g - 47 stones
 o - 10 poisoned darts (quivered)
Armour
 b - a +0 leather armour (worn)
 c - a +0 helmet (worn)
Jewellery
 i - a ring of wizardry (left hand)
 u - an amulet of reflection (around neck)
 v - an amulet of guardian spirit
Scrolls
 e - 2 scrolls of noise {unknown}
 h - 2 scrolls of torment {unknown}
 k - a scroll of magic mapping {unknown}
 n - 2 scrolls of teleportation {unknown}
 p - a scroll of acquirement {unknown}
 q - a scroll of amnesia {unknown}
 r - 5 scrolls of identify {unknown}
 w - a scroll of immolation {unknown}
Potions
 f - a potion of lignification {unknown}
 j - 2 potions of curing {unknown}
 l - a potion of cancellation {unknown}
 m - a potion of flight {unknown}
 s - a potion of might {unknown}
 t - a potion of degeneration {unknown}


   Skills:
 * Level 4.2 Fighting
 * Level 4.2 Staves
 + Level 2.7 Throwing
 * Level 3.3 Armour
 + Level 3.2 Dodging
 + Level 2.5 Stealth


You had 6 spell levels left.
You didn't know any spells.
Your spell library contained the following spells:

 Spells                   Type           Power      Damage    Failure   Level
 Conjure Flame            Conj/Fire      0%         6-21      50%         3
 Gell's Gravitas          Tloc           0%         N/A       50%         3
 Ignite Poison            Fire/Tmut/Pois 0%         N/A       50%         3
 Teleport Other           Tloc           0%         N/A       50%         3
 Sticky Flame             Conj/Fire      0%         2d3       87%         4
 Dispersal                Tloc           0%         N/A       100%        6


Dungeon Overview and Level Annotations

Branches:
Dungeon (5/15)
 Temple: D:4-7

Altars:
Gozag
Uskayaw

Shops:
D:1 :[(   D:2 =

Annotations:
D:4 2 transporters, Pikel


Innate Abilities, Weirdness & Mutations

You are immune to sickness and miasma.
Your stone body is resilient. (AC +4)
You are immune to poison.
You resist negative energy. (rN+)
You are resistant to electric shocks. (rElec)
You are resistant to unholy torment.
You are immune to petrification.


Message History

Pikel closely misses you.
You barely miss Pikel.
Pikel is severely wounded.
Pikel hits you but does no damage.
You hit Pikel but do no damage.
Pikel is severely wounded.
Pikel hits you with a +0 whip of flaming.
Pikel burns you.
You thump Pikel!
Pikel is almost dead.
Pikel closely misses you.
You hit Pikel.
Pikel is almost dead.
Pikel says, "It's all about the gold, really."
Pikel hits you but does no damage.
You completely miss Pikel.
Pikel is almost dead.
Pikel hits you with a +0 whip of flaming.
Pikel burns you. Pikel misses you.
You barely miss Pikel.
Pikel is almost dead.
Pikel hits you with a +0 whip of flaming.
* * * LOW HITPOINT WARNING * * *
Pikel burns you.
* * * LOW HITPOINT WARNING * * *
You closely miss Pikel.
Pikel is almost dead.
Pikel barely misses you.
There is a stone staircase leading up here.
Pikel hits you with a +0 whip of flaming.
* * * LOW HITPOINT WARNING * * *
Pikel burns you.
* * * LOW HITPOINT WARNING * * *
You climb upwards.
Level annotation: 2 transporters
There is a stone staircase leading down here.
You barely miss Pikel.
Pikel is almost dead.
Pikel hits you with a +0 whip of flaming!
You die...

...........#...#.#####......#
############.#............#.##
.............#.#.#####.......#
........####.#.#.# #.......####
...)....# #.....# #...........
..÷.....####.....# #...##..####
........##....#..# #.......#
........##.##.#K.# #..###.##
........##....#.@#####......####
........##.##.####.............#
..########.##_# #####..##.#####
..# #.##.# #..##.....# ..#
####.# #..##.###### ..# ######.#
#.#........# ..# #....#.######
#.###.###### ..# #....#......#
#.....# ..#
####....######.###.#.###


You could see Pikel.

Vanquished Creatures
  A scorpion (D:4)
  A hound (D:3)
  An orc priest (D:3)
  Jessica (D:3)
  2 iguanas (D:4)
  An orc wizard (D:3)
  4 gnolls (D:3)
  9 adders
  3 worms
  3 dart slugs
  9 orcs
  6 ball pythons
  6 bats
  8 endoplasms
  2 giant cockroaches
  7 hobgoblins
  5 jackals
  10 kobolds
  A quokka (D:4)
  2 frilled lizards (D:2)
  4 goblins
  5 rats
91 creatures vanquished.

Vanquished Creatures (others)
  4 plants (D:1)
4 creatures vanquished.

Grand Total: 95 creatures vanquished

Notes
Turn   | Place    | Note
-------+----------+-------------------------------------------
     0 | D:1      | southernslant the Gargoyle Gladiator began the quest for
                  | the Orb.
     0 | D:1      | Reached XP level 1. HP: 12/12 MP: 1/1
   260 | D:1      | Reached XP level 2. HP: 15/18 MP: 2/2
   476 | D:1      | Reached skill level 1 in Armour
   776 | D:1      | Found Tanuizehe's Antique Armour Boutique.
   776 | D:1      | Found Osuc's Book Shop.
   849 | D:1      | Found Pais's Weapon Shop.
  1238 | D:2      | Reached XP level 3. HP: 18/22 MP: 3/3
  1648 | D:2      | Found Uzid Seo's Jewellery Shoppe.
  1661 | D:2      | Reached skill level 1 in Stealth
  1752 | D:2      | Reached XP level 4. HP: 18/28 MP: 4/4
  2410 | D:3      | Reached XP level 5. HP: 22/32 MP: 5/5
  2734 | D:3      | Found a faded altar of an unknown god.
  3189 | D:3      | Noticed Jessica
  3193 | D:3      | Killed Jessica
  3229 | D:3      | Reached XP level 6. HP: 14/38 MP: 6/6
  3852 | D:4      | Found a hide-covered altar of Uskayaw.
  4397 | D:4      | Found a transporter.
  4410 | D:4      | Found a transporter.
  4667 | D:4      | Found an opulent altar of Gozag.
  4711 | D:4      | Reached XP level 7. HP: 18/43 MP: 7/7
  5149 | D:5      | Entered Level 5 of the Dungeon
  5167 | D:5      | Noticed Pikel
  5221 | D:4      | Slain by Pikel

Illustrated notes

Levels and vault maps discovered:
D:1:      co_arrival_square_in_a_square_in_a_square, layout_loops_corners,
          serial_shops, nicolae_shop_statue_plus, nicolae_shop_window_shopping,
          shop, serial_forest, infiniplex_forest_lined_2,
          infiniplex_forest_clump_diagonal, infiniplex_forest_straight_4,
          infiniplex_forest_straight_1, serial_bayou_lagoon_a
D:2:      layout_rooms, serial_shops, shop
D:3:      layout_basic, hellmonk_ecumenical_altar_heavens_door, uniq_jessica
D:4:      gammafunk_steamed_eel, layout_basic, mainiacjoe_overflow_brackets,
          overflow_temple_1_default
D:5:      layout_basic, minmay_temple_entry_drinking_statues, serial_rivers,
          chequers_serial_rivers_micro_b, chequers_serial_rivers_small_3,
          chequers_serial_rivers_large_b, chequers_serial_rivers_micro_a,
          chequers_serial_rivers_marsh, portal_sewer_entry_a, uniq_pikel

Skill      XL: |  1  2  3  4  5  6 |
---------------+-------------------+-----
Armour         | 1 2 3 |  3.3
Throwing       | 2 |  2.7
Stealth        | 1 2 |  2.5
Fighting       | 3 4 |  4.2
Dodging        | 3 |  3.2
Staves         | 4 |  4.2

Action                   |  1- 3 |  4- 6 |  7- 9 || total
-------------------------+-------+-------+-------++-------
Melee: Quarterstaff      |   125 |   202 |    36 ||   363
Throw: Dart              |       |     2 |       ||     2
 Stab: Sleeping          |     1 |     4 |       ||     5
Armor: Leather armour    |    39 |    70 |    12 ||   121
Dodge: Dodged            |    82 |   130 |    17 ||   229
Block: Other             |       |     6 |     5 ||    11

Table legend: (Time is in decaauts)
 A = Elapsed time spent in this place.
 B = Non-inter-level travel time spent in this place.
 C = Inter-level travel time spent in this place.
 D = Time resting spent in this place.
 E = Time spent auto-exploring this place.
 F = Levels seen in this place.
 G = Mean time per level.
                   A        B        C        D        E       F      G
               +--------+--------+--------+--------+--------+-----+--------+
         Total |   5286 |   5184 |    102 |      0 |   3682 |   5 | 1057.2 |
       Dungeon |   5286 |   5184 |    102 |      0 |   3682 |   5 | 1057.2 |
               +--------+--------+--------+--------+--------+-----+--------+

Top non-repeatable levels by time:
     D:3: 1484 daAuts
     D:4: 1367 daAuts
     D:1: 1251 daAuts
     D:2: 1109 daAuts
     D:5: 73 daAuts
